 Dungeon Crawl Stone Soup version 0.23.2-40-g277498a001 (webtiles) character file.

Game seed: 3248369909168474844

2306 Descartes the Skirmisher (level 9, -3/69 HPs)
             Began as a Formicid Abyssal Knight on Sept 27, 2019.
             Was a Priest of Lugonu.
             Slain by Harold
             ... wielding a +0 trident
              (11 damage)
             ... on level 7 of the Dungeon.
             The game lasted 00:17:37 (8118 turns).

Descartes the Skirmisher (Formicid Abyssal Knight)  Turns: 8118, Time: 00:17:38

Health: -3/69      AC: 11    Str: 20    XL:     9   Next: 68%
Magic:  13/13      EV:  9    Int: 12    God:    Lugonu [***...]
Gold:   311        SH:  4    Dex: 10    Spells: 11/12 levels left

rFire    . . .     SeeInvis +   t - +7 club
rCold    . . .     Gourm    .   y - +0 buckler
rNeg     . . .     Faith    .   r - +0 chain mail
rPois    .         Spirit   .   (helmet unavailable)
rElec    .         Reflect  .   v - +0 cloak
rCorr    .         Harm     .   (no gloves)
MR       .....                  (no boots)
Stlth    ..........             (no amulet)
HPRegen  0.21/turn              (no ring)
MPRegen  0.13/turn              (no ring)

@: marked
A: permanent stasis, dig shafts and tunnels, four strong arms, antennae 3
a: Dig, Shaft Self, Depart the Abyss, Bend Space, Banish, Renounce Religion


You were on level 7 of the Dungeon.
You worshipped Lugonu.
Lugonu was most pleased with you.
You were not hungry.

You visited 1 branch of the dungeon, and saw 7 of its levels.
You visited the Abyss 1 time.

You collected 311 gold pieces.

Inventory:

Hand Weapons
 a - a +1 spear
 n - a +2 mace of protection
 t - a +7 club (weapon)
 C - a +2 whip of flaming
 O - a +2 quarterstaff of protection
Missiles
 o - 175 stones (quivered)
 u - a throwing net
 x - 145 arrows
 P - 7 needles of paralysis
Armour
 b - a +0 leather armour
 i - a +0 ring mail
 r - a +0 chain mail (worn)
 v - a +0 cloak (worn)
 y - a +0 buckler (worn)
Magical Staves
 h - an uncursed staff of cold
 p - an uncursed staff of wizardry
Jewellery
 N - an uncursed ring of fire
Wands
 A - a wand of random effects (16)
 B - a wand of flame (30)
 D - a wand of iceblast (10)
Scrolls
 d - a scroll of fog {unknown}
 f - a scroll of acquirement {unknown}
 l - a scroll of random uselessness {unknown}
 m - 2 scrolls of fear {unknown}
 w - a scroll of immolation {unknown}
 G - a scroll of remove curse
 H - a scroll of amnesia {unknown}
 J - a scroll of blinking {unknown}
 M - a scroll of brand weapon {unknown}
 Q - 2 scrolls of enchant weapon {unknown}
 R - a scroll of identify
Potions
 e - 3 potions of agility
 g - a potion of curing
 j - a potion of brilliance {unknown}
 k - a potion of cancellation {unknown}
 q - a potion of ambrosia
 s - 3 potions of lignification
 z - a potion of berserk rage {unknown}
 E - a potion of resistance {unknown}
 F - 3 potions of degeneration {unknown}
 I - 2 potions of magic
 K - a potion of might {unknown}
 L - 2 potions of experience {unknown}
Comestibles
 c - 7 rations


   Skills:
 + Level 6.1 Fighting
 + Level 3.0 Maces & Flails
 - Level 2.0 Polearms
 + Level 5.4 Armour
 + Level 4.0 Dodging
 + Level 5.0 Stealth
 - Level 2.9 Shields
 + Level 2.1 Spellcasting
 + Level 2.3 Earth Magic
 + Level 5.8 Invocations
 + Level 4.7 Evocations


You had 11 spell levels left.
You knew the following spells:

 Your Spells              Type           Power        Failure   Level  Hunger
a - Sandblast             Erth           #.....       67%         1    ##.....

Your spell library contained the following spells:

 Spells                   Type           Power        Failure   Level  Hunger
 Passwall                 Tmut/Erth      #.......     93%         2    ###....
 Magic Dart               Conj           #...         94%         1    ##.....
 Call Imp                 Summ           #.......     98%         2    ###....
 Slow                     Hex            #.......     98%         2    ###....
 Stone Arrow              Conj/Erth      #.....       99%         3    ####...
 Conjure Flame            Conj/Fire      #.......     100%        3    ####...
 Mephitic Cloud           Conj/Pois/Air  #.......     100%        3    ####...
 Petrify                  Tmut/Erth      #.......     100%        4    #####..
 Lee's Rapid Deconstruct  Erth           #.........   100%        5    ######.
 Blink                    Tloc           Unusable     N/A         2    N/A

Dungeon Overview and Level Annotations

Branches:
Dungeon (7/15)
 Temple: D:4-7

Altars:
Elyvilon
Fedhas
Hepliaklqana
Kikubaaqudgha
Qazlal
Ru
Trog
Wu Jian

Annotations:
D:7 Harold


Innate Abilities, Weirdness & Mutations

You cannot be hasted, slowed, berserked, paralysed or teleported.
You can dig through walls and to a lower floor.
Your four strong arms can wield two-handed weapons with a shield.
You have a pair of large antennae on your head. (SInv)


Message History

You completely miss Harold.
Harold is heavily wounded.
Harold hits you with a +0 trident!
* * * LOW HITPOINT WARNING * * *
You hit Harold.
Harold is severely wounded.
Harold hits you but does no damage.
You hit Harold but do no damage.
Harold is severely wounded.
Harold zaps a wand.
Your stasis prevents you from being paralysed.
Harold hits you with a +0 trident!
* * * LOW HITPOINT WARNING * * *
You sock Harold!
Harold is severely wounded.
Harold hits you but does no damage.
You sock Harold!
Harold is almost dead.
Harold hits you with a +0 trident!
You die...

##### #...# ##### ##.#.#
#...# #..#.# #...#
##.##.# ###...###..##.#
##@#...##....#.# #
#@##.........#.###.
##h#{..##.......... .
##{{{............. ...
###{{..###......##
.....##{{{{###....#.....
......{{#..###.####..#..
.....{###...............
..... {..............##


You could see Harold.

Vanquished Creatures
  Pikel (D:4)
  Sigmund (D:2)
  Eustachio (D:5)
  Menkaure (D:4)
  Duvessa (D:4)
  4 slaves (D:4)
  An ogre (D:7)
  5 centaurs
  A bullfrog (D:6)
  Dowan (D:4)
  2 scorpions
  A howler monkey (D:5)
  2 electric eels (D:6)
  2 crimson imps
  A jelly (D:7)
  An orc priest (D:5)
  A hound (D:6)
  An orc wizard (D:5)
  Natasha (thrice) (D:4)
  Terence (D:3)
  2 iguanas (D:5)
  A hound zombie (D:6)
  A hound skeleton (D:7)
  Robin (D:4)
  3 gnolls (D:6)
  A howler monkey skeleton (D:5)
  2 adders
  An ooze (D:3)
  3 dart slugs
  3 leopard geckos
  13 orcs
  A ball python (D:5)
  3 bats (D:3)
  2 giant cockroaches
  11 goblins
  7 hobgoblins
  3 jackals (D:3)
  2 quokkas
  4 frilled lizards
  A giant cockroach zombie (D:5)
  2 kobolds
  A quokka skeleton (D:5)
  A quokka zombie (D:5)
  11 rats
  A plant (D:6)
113 creatures vanquished.

Vanquished Creatures (others)
  An electric eel (D:6)
1 creature vanquished.

Grand Total: 114 creatures vanquished

Notes
Turn   | Place    | Note
-------+----------+-------------------------------------------
     0 | Abyss:1  | Descartes the Formicid Abyssal Knight began the quest for
                  | the Orb.
     0 | Abyss:1  | Reached XP level 1. HP: 18/18 MP: 2/2
    85 | Abyss:2  | Noticed a large abomination
    90 | Abyss:2  | Noticed a starcursed mass
    93 | Abyss:2  | Noticed a raiju
    94 | D:1      | Escaped the Abyss
   306 | D:1      | Reached skill level 1 in Dodging
   306 | D:1      | Reached XP level 2. HP: 24/24 MP: 3/3
   695 | D:2      | Reached * piety under Lugonu
   728 | D:2      | Noticed Sigmund
   750 | D:2      | Killed Sigmund
   750 | D:2      | Reached skill level 4 in Fighting
   750 | D:2      | Reached XP level 3. HP: 2/30 MP: 3/5
   750 | D:2      | Reached XP level 4. HP: 3/37 MP: 3/6
   750 | D:2      | Reached XP level 5. HP: 4/42 MP: 3/7
  1525 | D:3      | Found a blossoming altar of Fedhas.
  1557 | D:3      | Found an ornate altar of the Wu Jian Council.
  1575 | D:3      | Found a hazy altar of Hepliaklqana.
  1576 | D:3      | Found a stormy altar of Qazlal.
  1770 | D:3      | Noticed Terence
  1781 | D:3      | Killed Terence
  1781 | D:3      | Reached XP level 6. HP: 41/49 MP: 8/8
  1810 | D:3      | Found an ancient bone altar of Kikubaaqudgha.
  1978 | D:3      | Reached skill level 1 in Stealth
  2003 | D:3      | Found a faded altar of an unknown god.
  2417 | D:4      | Noticed Natasha
  2434 | D:4      | Killed Natasha
  2726 | D:4      | Noticed Dowan
  2727 | D:4      | Noticed Duvessa
  2759 | D:4      | Killed Duvessa
  2759 | D:4      | Reached XP level 7. HP: 50/55 MP: 8/10
  2770 | D:4      | Killed Dowan
  2905 | D:4      | Noticed Natasha
  2924 | D:4      | Killed Natasha
  3043 | D:4      | Noticed Natasha
  3069 | D:4      | Killed Natasha
  3069 | D:4      | Reached ** piety under Lugonu
  3094 | D:4      | Noticed Robin
  3137 | D:4      | Killed Robin
  3500 | D:4      | Noticed Menkaure
  3508 | D:4      | Killed Menkaure
  3508 | D:4      | Reached skill level 5 in Fighting
  3891 | D:4      | Noticed Pikel
  3919 | D:4      | Killed Pikel
  3919 | D:4      | Reached skill level 1 in Maces & Flails
  3919 | D:4      | Reached skill level 5 in Invocations
  3919 | D:4      | Reached XP level 8. HP: 48/62 MP: 11/11
  4612 | D:5      | Entered Level 5 of the Dungeon
  4689 | D:5      | Found a bloodstained altar of Trog.
  4851 | D:5      | Learned a level 1 spell: Sandblast
  4977 | D:5      | Reached XP level 9. HP: 44/68 MP: 12/12
  5024 | D:5      | Found a white marble altar of Elyvilon.
  5062 | D:5      | Noticed Eustachio
  5111 | D:5      | Killed Eustachio
  5111 | D:5      | Reached skill level 5 in Armour
  5111 | D:5      | Reached skill level 1 in Earth Magic
  5309 | D:5      | Reached skill level 1 in Spellcasting
  5312 | D:5      | Found a sacrificial altar of Ru.
  5325 | D:5      | Reached *** piety under Lugonu
  7548 | D:6      | Reached skill level 6 in Fighting
  7937 | D:7      | Reached skill level 5 in Stealth
  8072 | D:7      | Noticed Harold
  8118 | D:7      | Slain by Harold

Skill      XL: |  1  2  3  4  5  6  7  8  9 |
---------------+----------------------------+-----
Dodging        | 1 2 3 4 |  4.0
Fighting       | 4 5 6 |  6.1
Armour         | 3 4 5 |  5.4
Invocations    | 3 4 5 |  5.8
Evocations     | 2 3 4 |  4.7
Stealth        | 2 3 4 5 |  5.0
Maces & Flails | 1 2 3 |  3.0
Shields        | 2 |  2.9
Earth Magic    | 2 |  2.3
Spellcasting   | 2 |  2.1
Polearms       | |  2.0

Action                   |  1- 3 |  4- 6 |  7- 9 || total
-------------------------+-------+-------+-------++-------
Melee: Spear             |    24 |       |       ||    24
       Mace              |    18 |   115 |    54 ||   187
       Club              |       |       |   290 ||   290
 Cast: Sandblast         |       |       |     1 ||     1
Invok: Depart the Abyss  |     1 |       |       ||     1
 Abil: Dig               |       |     3 |     8 ||    11
Evoke: Wand              |       |       |     6 ||     6
  Use: Scroll            |       |     2 |     4 ||     6
       Potion            |       |     2 |     2 ||     4
  Eat: Chunk             |       |     5 |    14 ||    19
       Ration            |       |       |     2 ||     2
Armor: Ring mail         |     7 |    11 |       ||    18
       Chain mail        |       |    66 |   146 ||   212
Dodge: Dodged            |    15 |    54 |   143 ||   212
Block: Buckler           |       |       |    49 ||    49
